 Dungeon Crawl Stone Soup version 0.30-a0-1157-g2cc9ac7196 (webtiles) character file.

Game seed: 5629396388934564926

202 retardedninja the Firebug (level 5, -3/38 HPs)
             Began as a Gnoll Fire Elementalist on Apr 24, 2023.
             Slain by a gnoll
             ... wielding a +0 flail
              (9 damage)
             ... on level 4 of the Dungeon.
             The game lasted 00:03:12 (3124 turns).

retardedninja the Firebug (Gnoll Fire Elementalist) Turns: 3124, Time: 00:03:13

Health: -3/38      AC:  2    Str:  7    XL:     5   Next: 80%
Magic:  12/12      EV: 13    Int: 16    God:
Gold:   185        SH:  0    Dex: 13    Spells: 11/14 levels left

rFire   . . .        k - +0 mace
rCold   . . .        (no shield)
rNeg    . . .        a - +0 robe
rPois   .            (no helmet)
rElec   .            (no cloak)
rCorr   .            (no gloves)
SInv    .            (no boots)
Will    .....        (no amulet)
Stlth   +++          (no ring)
HPRegen 0.26/turn    (no ring)
MPRegen 0.13/turn

%: no passive effects
@: no status effects
A: fangs 1, strong nose, distributed training
a: no special abilities


You were on level 4 of the Dungeon.
You visited 1 branch of the dungeon, and saw 4 of its levels.

You collected 185 gold pieces.

Inventory:

Hand Weapons
 k - a +0 mace (weapon)
Armour
 a - a +0 robe (worn)
Jewellery
 h - a ring of flight
 m - a ring of poison resistance
 o - a +5 ring of evasion
Scrolls
 e - a scroll of immolation {unknown}
 f - 4 scrolls of teleportation {unknown}
 g - a scroll of vulnerability {unknown}
 i - a scroll of torment {unknown}
 l - 2 scrolls of magic mapping {unknown}
 n - a scroll of identify {unknown}
Potions
 b - a potion of magic
 c - a potion of ambrosia
 d - a potion of curing {unknown}
 j - a potion of resistance {unknown}


   Skills:
 + Level 1.7 Fighting
 + Level 1.7 Short Blades
 + Level 1.7 Long Blades
 + Level 1.7 Axes
 + Level 1.7 Maces & Flails
 + Level 1.7 Polearms
 + Level 1.7 Staves
 + Level 1.7 Ranged Weapons
 + Level 1.7 Throwing
 + Level 1.7 Armour
 + Level 4.9 Dodging
 + Level 4.5 Stealth
 + Level 1.7 Shields
 + Level 1.7 Unarmed Combat
 + Level 5.2 Spellcasting
 + Level 2.5 Conjurations
 + Level 1.3 Hexes
 + Level 1.3 Summonings
 + Level 1.3 Necromancy
 + Level 1.3 Translocations
 + Level 1.3 Transmutations
 + Level 5.6 Fire Magic
 + Level 1.3 Ice Magic
 + Level 1.3 Air Magic
 + Level 1.3 Earth Magic
 + Level 1.3 Poison Magic
 + Level 1.9 Invocations
 + Level 1.7 Evocations


You had 11 spell levels left.
You knew the following spells:

 Your Spells              Type           Power      Damage    Failure   Level
a - Foxfire               Conj/Fire      68%        2x1d7     2%          1
b - Scorch                Fire           44%        2d7       2%          2

Your spell library contained the following spells:

 Spells                   Type           Power      Damage    Failure   Level
 Inner Flame              Hex/Fire       15%        N/A       11%         3
 Volatile Blastmotes      Fire/Tloc      30%        2d12      11%         3
 Flame Wave               Conj/Fire      17%        2d7       28%         4
 Sticky Flame             Conj/Fire      17%        2d4       28%         4


Dungeon Overview and Level Annotations

Branches:
Dungeon (4/15)
 Temple: D:4-7

Altars:

Shops:
D:1 :


Innate Abilities, Weirdness & Mutations

You have very sharp teeth.
Your uncanny sense of smell can sniff out nearby items.
Your experience applies equally to all skills.


Message History

Flames lash the gnoll.
The gnoll is burned terribly!
You kill the gnoll!
The gnoll misses you. The gnoll hits you with a +0 flail.
Unknown command.
Casting: Scorch (safe; 2% risk of failure)
Confirm with . or Enter, or press ? or * to list all spells.
Flames lash the goblin.
You kill the goblin!
The gnoll completely misses you. The gnoll hits you with a +0 flail.
Unknown command.
Casting: Scorch (safe; 2% risk of failure)
Confirm with . or Enter, or press ? or * to list all spells.
Flames lash the gnoll.
The gnoll is moderately wounded.
The gnoll's fire resistance burns away.
The gnoll hits you with a +0 flail!
* * * LOW HITPOINT WARNING * * *
The gnoll closely misses you.
Casting: Scorch (safe; 2% risk of failure)
Confirm with . or Enter, or press ? or * to list all spells.
You don't know that spell.
It was a potion of ambrosia.
You are confused.
You feel invigorated. The gnoll closely misses you.
The gnoll barely misses you.
Okay, then.
You're too confused to move!
The gnoll closely misses you. The gnoll hits you with a +0 flail.
* * * LOW HITPOINT WARNING * * *
You sock the gnoll! Your bite misses the gnoll.
The gnoll is almost dead.
The gnoll is no longer more vulnerable to fire.
The gnoll hits you with a +0 flail!
* * * LOW HITPOINT WARNING * * *
The gnoll barely misses you. The gnoll attacks as you move away!
The gnoll hits you with a +0 flail.
* * * LOW HITPOINT WARNING * * *
You feel less invigorated.
You feel less confused. The gnoll hits you with a +0 flail!
You die...

. .. ... ..# ###
...# #.###...##.
###.@g)......
#....g)...#..
##.#........#
#####............#
##.#...............
##..#...##########.#
#.......# #
##..##### ##..####


You could see 2 gnolls.

Vanquished Creatures
  A black bear (D:2)
  2 gnolls (D:4)
  3 adders (D:3)
  A dart slug (D:3)
  An orc (D:3)
  6 ball pythons
  8 endoplasms
  7 goblins
  4 hobgoblins
  6 jackals (D:1)
  A quokka (D:1)
  4 bats
  A frilled lizard (D:1)
  3 kobolds (D:1)
  7 rats
55 creatures vanquished.

Vanquished Creatures (collateral kills)
  6 foxfires
6 creatures vanquished.

Vanquished Creatures (others)
  232 foxfires
  7 fungi (D:3)
  9 plants
  2 withered plants (D:3)
250 creatures vanquished.

Grand Total: 311 creatures vanquished

Notes
Turn   | Place    | Note
-------+----------+-------------------------------------------
     0 | D:1      | retardedninja the Gnoll Fire Elementalist began the quest
                  | for the Orb.
     0 | D:1      | Reached XP level 1. HP: 13/13 MP: 6/6
   136 | D:1      | Reached XP level 2. HP: 8/19 MP: 0/7
   487 | D:1      | Found Kyos's Book Shop.
   643 | D:1      | Reached skill level 5 in Spellcasting
   643 | D:1      | Reached XP level 3. HP: 25/25 MP: 5/9
  1000 | D:1      | Reached skill level 1 in Invocations
  1552 | D:2      | Noticed a black bear
  1562 | D:2      | Killed a black bear
  1563 | D:2      | Reached skill level 1 in Fighting
  1563 | D:2      | Reached skill level 1 in Short Blades
  1563 | D:2      | Reached skill level 1 in Long Blades
  1563 | D:2      | Reached skill level 1 in Axes
  1563 | D:2      | Reached skill level 1 in Maces & Flails
  1563 | D:2      | Reached skill level 1 in Polearms
  1563 | D:2      | Reached skill level 1 in Staves
  1563 | D:2      | Reached skill level 1 in Ranged Weapons
  1563 | D:2      | Reached skill level 1 in Throwing
  1563 | D:2      | Reached skill level 1 in Armour
  1563 | D:2      | Reached skill level 1 in Shields
  1563 | D:2      | Reached skill level 1 in Unarmed Combat
  1563 | D:2      | Reached skill level 1 in Hexes
  1563 | D:2      | Reached skill level 1 in Summonings
  1563 | D:2      | Reached skill level 1 in Necromancy
  1563 | D:2      | Reached skill level 1 in Translocations
  1563 | D:2      | Reached skill level 1 in Transmutations
  1563 | D:2      | Reached skill level 1 in Ice Magic
  1563 | D:2      | Reached skill level 1 in Air Magic
  1563 | D:2      | Reached skill level 1 in Earth Magic
  1563 | D:2      | Reached skill level 1 in Poison Magic
  1563 | D:2      | Reached skill level 1 in Evocations
  1563 | D:2      | Reached XP level 4. HP: 14/32 MP: 6/11
  1563 | D:2      | Reached XP level 5. HP: 16/37 MP: 6/12
  1646 | D:2      | Learned a level 2 spell: Scorch
  1798 | D:2      | You fall into a shaft and drop 1 floor!
  2019 | D:3      | Found a faded altar of an unknown god.
  3124 | D:4      | Slain by a gnoll

Illustrated notes

Levels and vault maps discovered:
D:1:      spicycebolla_arrival_clurvy, layout_rooms, serial_shops,
          nicolae_shop_peninsula, palyth_stone_intersect, minmay_close_crescents
D:2:      layout_loops_corners, cheibrodos_gnoll_hut
D:3:      layout_basic, shapermc_ecumenical_altar_gd
D:4:      minmay_wonky_spiral, layout_cave_pools, gammafunk_ghost_split,
          uniq_eustachio

Skill      XL: |  1  2  3 |
---------------+----------+-----
Conjurations   | 2 |  2.5
Spellcasting   | 5 |  5.2
Invocations    | 1 |  1.9
Fighting       | 1 |  1.7
Short Blades   | 1 |  1.7
Long Blades    | 1 |  1.7
Axes           | 1 |  1.7
Maces & Flails | 1 |  1.7
Polearms       | 1 |  1.7
Staves         | 1 |  1.7
Ranged Weapons | 1 |  1.7
Throwing       | 1 |  1.7
Armour         | 1 |  1.7
Shields        | 1 |  1.7
Unarmed Combat | 1 |  1.7
Hexes          | 1 |  1.3
Summonings     | 1 |  1.3
Necromancy     | 1 |  1.3
Translocations | 1 |  1.3
Transmutations | 1 |  1.3
Ice Magic      | 1 |  1.3
Air Magic      | 1 |  1.3
Earth Magic    | 1 |  1.3
Poison Magic   | 1 |  1.3
Evocations     | 1 |  1.7
Dodging        | |  4.9
Stealth        | |  4.5
Fire Magic     | |  5.6

Action                     |  1- 3 |  4- 6 || total
---------------------------+-------+-------++-------
  Melee: Unarmed           |    10 |       ||    10
         Bite              |     1 |     1 ||     2
         Punch             |     1 |       ||     1
         Mace              |       |     2 ||     2
   Cast: Foxfire           |    82 |    65 ||   147
         Scorch            |       |     4 ||     4
    Use: Potion            |       |     1 ||     1
 Armour: Robe              |     8 |     6 ||    14
  Dodge: Dodged            |    28 |    35 ||    63

Table legend: (Time is in decaauts)
 A = Elapsed time spent in this place.
 B = Non-inter-level travel time spent in this place.
 C = Inter-level travel time spent in this place.
 D = Time resting spent in this place.
 E = Time spent auto-exploring this place.
 F = Levels seen in this place.
 G = Mean time per level.
                   A        B        C        D        E       F      G
               +--------+--------+--------+--------+--------+-----+--------+
         Total |   3123 |   3044 |     79 |     79 |   2488 |   4 |  780.8 |
       Dungeon |   3123 |   3044 |     79 |     79 |   2488 |   4 |  780.8 |
               +--------+--------+--------+--------+--------+-----+--------+

Top non-repeatable levels by time:
     D:1: 1219 daAuts
     D:3: 1216 daAuts
     D:2: 577 daAuts
     D:4: 109 daAuts
